Ice Dragons vs Staline
Created - October 20, 2017 at 21:50
Goals
|
| Ice Dragons |
0 |
1 |
2 |
0 |
1 |
4 |
| Staline |
1 |
2 |
0 |
0 |
0 |
3 |
|
Shots
|
| Ice Dragons |
3 |
17 |
17 |
1 |
6 |
38 |
| Staline |
13 |
13 |
13 |
1 |
6 |
40 |
|
1st period
1. Staline , Lars Eller 3 (Jordan Caron 1) at 14:30
Penalties :
Mike Reilly (StJ) for Interference (Minor) at 4:37, Andrej Nestrasil (Kin) for High sticking (Minor) at 9:31, David Desharnais (StJ) for Holding (Minor) at 17:35
2nd period
2. Staline , David Desharnais 1 (Jiri Tlusty 3, Stu Bickel 4) at 3:26 (PP)
3. Ice Dragons , Troy Brouwer 2 (Brayden McNabb 1, Curtis Glencross 3) at 13:02
4. Staline , James Sheppard 2 (Lars Eller 2, Dustin Kohn 6) at 14:48
Penalties :
Troy Brouwer (Kin) for Hooking (Minor) at 2:57, Joe Callahan (Kin) for Slashing (Double Minor) at 3:48, Dustin Kohn (StJ) for Hooking (Minor) at 15:33
3rd period
5. Ice Dragons , Troy Brouwer 3 (Michael Latta 4) at 11:35 (PP)
6. Ice Dragons , Ian Cole 1 (Andrej Nestrasil 1, Logan MacMillan 1) at 19:47
Penalties :
Michael Ferland (Kin) for Holding (Minor) at 4:26, Lars Eller (StJ) for Roughing (Minor) at 11:30, Michael Latta (Kin) for Holding (Minor) at 12:01
Overtime #1
No Goal
Penalties :
No Penalty
Shootout
Penalty Shot by Curtis Glencross for Ice Dragons - Stopped by Allen York
Penalty Shot by Nick Spaling for Staline - Shot Misses the Net
Penalty Shot by Troy Brouwer for Ice Dragons - Stopped by Allen York
Penalty Shot by Jiri Tlusty for Staline - Stopped by Anders Nilsson
Penalty Shot by Michael Latta for Ice Dragons - Stopped by Allen York
Penalty Shot by David Desharnais for Staline - Stopped by Anders Nilsson
Penalty Shot by Petr Vrana for Ice Dragons - Stopped by Allen York
Penalty Shot by Lars Eller for Staline - Shot Misses the Net
Penalty Shot by Tyler Haskins for Ice Dragons - Shot Misses the Net
Penalty Shot by Jordan Caron for Staline - Stopped by Anders Nilsson
Penalty Shot by Brandon Kozun for Ice Dragons - Goal!
Penalty Shot by Danny Kristo for Staline - Stopped by Anders Nilsson
Penalties :
No Penalty
Goalie Stats
Anders Nilsson (Kin), 37 saves from 40 shots - (0.925), W, 3-2-0, 64:09 minutes
Allen York (StJ), 35 saves from 38 shots - (0.921), OTL, 1-1-1, 65:00 minutes
Players Stats for Ice Dragons
Player Name G A P +/- PIM S H SB GA TA FO MP PP MP PK MP
------------------------------------------------------------------------------------
Andrej Nestrasil 0 1 1 1 2 1 0 0 0 0 6/9 12:11 0:00 0:00
Brandon Kozun 0 0 0 1 0 3 0 0 0 1 1/1 11:41 0:00 0:00
Brayden McNabb 0 1 1 1 0 6 1 1 0 0 0/0 22:12 2:10 4:49
Curtis Glencross 0 1 1 -1 0 2 4 0 0 0 6/13 27:35 3:05 5:00
Eric Gustafsson 0 0 0 0 0 0 0 0 0 1 0/0 3:53 0:07 1:25
Ian Cole 1 0 1 0 0 2 1 2 0 0 0/0 30:10 3:45 5:20
Joe Callahan 0 0 0 0 4 0 0 1 1 3 0/0 30:00 3:45 3:26
Kevin Connauton 0 0 0 1 0 2 1 2 4 0 0/0 21:50 2:10 4:29
Logan MacMillan 0 1 1 1 0 0 0 0 1 0 0/1 13:31 0:00 0:18
Michael Chaput 0 0 0 -1 0 1 3 0 0 0 2/5 10:59 0:00 3:28
Michael Ferland 0 0 0 -1 2 0 0 0 0 0 0/0 7:04 0:00 1:20
Michael Latta 0 1 1 0 2 5 2 1 0 0 15/27 20:44 3:05 2:44
Petr Vrana 0 0 0 0 0 7 3 1 1 0 1/1 20:29 2:57 3:18
Ryan Reaves 0 0 0 0 0 1 4 0 0 0 0/0 15:58 2:57 0:00
Samuel Groulx 0 0 0 -1 0 1 0 0 0 0 0/0 11:15 0:00 1:21
Tomas Kudelka 0 0 0 -1 0 0 1 2 0 1 0/0 10:41 0:07 0:00
Troy Brouwer 2 0 2 0 2 4 1 0 0 0 2/2 23:17 3:05 4:42
Tyler Haskins 0 0 0 0 0 3 1 0 1 0 7/12 16:00 2:57 0:00
Players Stats for Staline
Player Name G A P +/- PIM S H SB GA TA FO MP PP MP PK MP
------------------------------------------------------------------------------------
Andrey Pedan 0 0 0 0 0 0 0 0 0 0 0/0 5:46 0:00 0:00
Barclay Goodrow 0 0 0 0 0 0 0 0 0 0 0/0 2:34 0:00 1:23
Brandon Burlon 0 0 0 0 0 0 4 2 0 2 0/0 21:10 3:33 3:02
Bryan Bickell 0 0 0 0 0 1 3 0 0 0 0/0 11:57 0:20 1:07
Charles Hudon 0 0 0 0 0 0 0 0 0 0 0/0 1:54 0:48 0:00
Corey Trivino 0 0 0 0 0 0 0 0 0 0 2/3 6:46 0:00 0:00
Danny Kristo 0 0 0 0 0 0 0 1 1 0 0/0 6:46 0:00 0:00
David Desharnais 1 0 1 -2 2 4 3 1 1 0 14/33 22:58 5:16 1:07
David Musil 0 0 0 0 0 0 0 0 0 0 0/0 0:31 0:31 0:00
Dustin Kohn 0 1 1 0 2 3 1 2 1 0 0/0 29:09 6:21 1:39
James Sheppard 1 0 1 2 0 5 2 0 0 1 0/0 15:34 4:11 0:00
Jiri Sekac 0 0 0 0 0 1 0 0 1 0 0/0 6:46 0:00 0:00
Jiri Tlusty 0 1 1 -2 0 5 3 1 2 1 0/2 26:04 5:16 3:06
Jordan Caron 0 1 1 2 0 4 0 0 0 0 1/2 15:34 4:11 0:00
Lars Eller 1 1 2 2 2 8 1 1 0 1 7/12 18:28 4:11 1:49
Marek Zagrapan 0 0 0 0 0 0 0 1 0 0 1/9 9:27 0:00 0:00
Mike Reilly 0 0 0 0 2 0 0 0 0 0 0/0 7:33 0:00 0:31
Nick Spaling 0 0 0 -2 0 3 0 1 0 0 6/10 26:04 5:16 3:06
Nikita Nesterov 0 0 0 0 0 0 1 0 0 0 0/0 5:46 0:00 0:00
Peter Holland 0 0 0 0 0 0 0 0 0 0 0/0 2:21 0:48 0:26
Philip Larsen 0 0 0 0 0 1 0 0 0 0 0/0 21:10 3:33 3:02
Stu Bickel 0 1 1 0 0 3 3 1 0 2 0/0 30:00 6:21 2:29
Tyler Pitlick 0 0 0 0 0 2 1 0 0 0 0/0 10:37 0:58 0:00
Viktor Loov 0 0 0 0 0 0 0 0 0 1 0/0 8:59 0:31 1:21
3 Stars
1 - Lars Eller (StJ)
2 - James Sheppard (StJ)
3 - Troy Brouwer (Kin)
Power Play
Ice Dragons - 1 on 4 Attempt(s) - 25.00%
Staline - 1 on 6 Attempt(s) - 16.67%
Penalty Kill
Ice Dragons - 5 on 6 Attempt(s) - 83.33%
- Score 0 goal in Penalty Kill
Staline - 3 on 4 Attempt(s) - 75.00%
- Score 0 goal in Penalty Kill
Team Stat
Ice Dragons - Hits : 22 - Faceoff Wins : 40 - Blocked Shots : 10 - Penalty Minutes : 12
Staline - Hits : 22 - Faceoff Wins : 31 - Blocked Shots : 11 - Penalty Minutes : 8
Official
Referees : Joannette Marc and McCauley Wes
Linesman : Vaughan Rody and Michel Cormier
Game Notes
4:59 of 1st overtime period - Ice Dragons goal is going for a video replay. After video review, No Goal. The puck has been kicked using a distinct kicking motion.
Finance
Level 1 -- Attendance: 1463 (73.15%) -- Ticket Income $58,520
Level 2 -- Attendance: 680 (68.00%) -- Ticket Income $13,600
Total Attendance: 2143 (71.43%)
Total Ticket Income: $72,120
Other Income: $3,606
Total Income: $75,726
Ice Dragons
5 vs 5 Forward
Center Left Wing Right Wing Time % Phy DF OF
1 Michael Latta Curtis Glencross Troy Brouwer 40 1 2 2
2 Tyler Haskins Petr Vrana Ryan Reaves 30 1 2 2
3 Andrej Nestrasil Logan MacMillan Brandon Kozun 20 1 2 2
4 Michael Chaput Michael Ferland Curtis Glencross 10 1 2 2
5 vs 5 Defense
Defense Defense Time % Phy DF OF
1 Joe Callahan Ian Cole 40 1 2 2
2 Brayden McNabb Kevin Connauton 30 1 2 2
3 Tomas Kudelka Samuel Groulx 20 1 2 2
4 Eric Gustafsson Joe Callahan 10 1 2 2
PowerPlay Forward
Center Left Wing Right Wing Time % Phy DF OF
1 Michael Latta Curtis Glencross Troy Brouwer 60 1 2 2
2 Tyler Haskins Petr Vrana Ryan Reaves 40 1 2 2
PowerPlay Defense
Defense Defense Time % Phy DF OF
1 Joe Callahan Ian Cole 60 1 2 2
2 Brayden McNabb Kevin Connauton 40 1 2 2
Penalty Kill 4 Players Forward
Center Wing Time % Phy DF OF
1 Curtis Glencross Troy Brouwer 60 1 2 2
2 Michael Latta Petr Vrana 40 1 2 2
Penalty Kill 4 Players Defense
Defense Defense Time % Phy DF OF
1 Joe Callahan Ian Cole 60 1 2 2
2 Brayden McNabb Kevin Connauton 40 1 2 2
Penalty Kill - 3 Players Forward
Forward Time % Phy DF OF
1 Curtis Glencross 60 1 2 2
2 Troy Brouwer 40 1 2 2
Penalty Kill - 3 Players Defense
Defense Defense Time % Phy DF OF
1 Joe Callahan Ian Cole 60 1 2 2
2 Brayden McNabb Kevin Connauton 40 1 2 2
4 vs 4 Forward
Center Wing Time % Phy DF OF
1 Curtis Glencross Troy Brouwer 60 1 2 2
2 Michael Latta Petr Vrana 40 1 2 2
4 vs 4 Defense
Defense Defense Time % Phy DF OF
1 Joe Callahan Ian Cole 60 1 2 2
2 Brayden McNabb Kevin Connauton 40 1 2 2
Last Minutes Offensive
Center Left Wing Right Wing Defense Defense
Michael Latta Curtis Glencross Troy Brouwer Joe Callahan Ian Cole
Last Minutes Defensive
Center Left Wing Right Wing Defense Defense
Michael Latta Curtis Glencross Troy Brouwer Joe Callahan Ian Cole
Goaltenders
Starting : Anders Nilsson
Backup : Harru Sateri
Extra Forwards
Normal : Andrej Nestrasil, Logan MacMillan, Michael Chaput - PP : Andrej Nestrasil, Logan MacMillan - PK : Michael Chaput
Extra Defensemen
Normal : Tomas Kudelka, Samuel Groulx, Eric Gustafsson - PP : Tomas Kudelka - PK : Samuel Groulx, Eric Gustafsson
Penalty Shots
Curtis Glencross, Troy Brouwer, Michael Latta, Petr Vrana, Tyler Haskins
Scratches
Theodor Blueger (Healthy), Sam Carrick (Healthy), Oscar Dansk (Healthy)
Staline
5 vs 5 Forward
Center Left Wing Right Wing Time % Phy DF OF
1 David Desharnais Nick Spaling Jiri Tlusty 40 1 2 2
2 Lars Eller James Sheppard Jordan Caron 30 1 2 2
3 Marek Zagrapan Bryan Bickell Tyler Pitlick 20 1 2 2
4 Corey Trivino Jiri Sekac Danny Kristo 10 1 2 2
5 vs 5 Defense
Defense Defense Time % Phy DF OF
1 Stu Bickel Dustin Kohn 40 1 2 2
2 Brandon Burlon Philip Larsen 30 1 2 2
3 Viktor Loov Mike Reilly 20 1 2 2
4 Andrey Pedan Nikita Nesterov 10 1 2 2
PowerPlay Forward
Center Left Wing Right Wing Time % Phy DF OF
1 David Desharnais Nick Spaling Jiri Tlusty 60 1 2 2
2 Lars Eller James Sheppard Jordan Caron 40 1 2 2
PowerPlay Defense
Defense Defense Time % Phy DF OF
1 Stu Bickel Dustin Kohn 60 1 2 2
2 Brandon Burlon Philip Larsen 40 1 2 2
Penalty Kill 4 Players Forward
Center Wing Time % Phy DF OF
1 Nick Spaling Jiri Tlusty 60 1 2 2
2 David Desharnais Lars Eller 40 1 2 2
Penalty Kill 4 Players Defense
Defense Defense Time % Phy DF OF
1 Stu Bickel Dustin Kohn 60 1 2 2
2 Brandon Burlon Philip Larsen 40 1 2 2
Penalty Kill - 3 Players Forward
Forward Time % Phy DF OF
1 Nick Spaling 60 1 2 2
2 Jiri Tlusty 40 1 2 2
Penalty Kill - 3 Players Defense
Defense Defense Time % Phy DF OF
1 Stu Bickel Dustin Kohn 60 1 2 2
2 Brandon Burlon Philip Larsen 40 1 2 2
4 vs 4 Forward
Center Wing Time % Phy DF OF
1 Nick Spaling Jiri Tlusty 60 1 2 2
2 David Desharnais Lars Eller 40 1 2 2
4 vs 4 Defense
Defense Defense Time % Phy DF OF
1 Stu Bickel Dustin Kohn 60 1 2 2
2 Brandon Burlon Philip Larsen 40 1 2 2
Last Minutes Offensive
Center Left Wing Right Wing Defense Defense
David Desharnais Nick Spaling Jiri Tlusty Stu Bickel Dustin Kohn
Last Minutes Defensive
Center Left Wing Right Wing Defense Defense
David Desharnais Nick Spaling Jiri Tlusty Stu Bickel Dustin Kohn
Goaltenders
Starting : Allen York
Backup : Joni Ortio
Extra Forwards
Normal : Peter Holland, Charles Hudon, Barclay Goodrow - PP : Peter Holland, Charles Hudon - PK : Barclay Goodrow
Extra Defensemen
Normal : David Musil, Viktor Loov, Mike Reilly - PP : David Musil - PK : Viktor Loov, Mike Reilly
Penalty Shots
Nick Spaling, Jiri Tlusty, David Desharnais, Lars Eller, Jordan Caron
Scratches
Malcolm Subban (Healthy), Sean Maguire (Healthy)
% Time on Ice - Ice Dragons
Lines # - Real PCT - Wanted PCT - Time Play
Normal Forward
1 - 32% - 40% - 13:48
2 - 32% - 30% - 13:47
3 - 25% - 20% - 10:50
4 - 12% - 10% - 5:08
Normal Defense
1 - 43% - 40% - 18:37
2 - 31% - 30% - 13:42
3 - 22% - 20% - 9:31
4 - 4% - 10% - 1:43
PP Forward
1 - 51% - 60% - 3:05
2 - 49% - 40% - 2:57
PP Defense
1 - 62% - 60% - 3:45
2 - 38% - 40% - 2:17
PK Forward
1 - 71% - 60% - 7:23
2 - 29% - 40% - 3:02
PK Defense
1 - 57% - 60% - 5:56
2 - 43% - 40% - 4:29
PK3 Forward
1 - 0% - 60%
2 - 0% - 40%
PK3 Defense
1 - 0% - 60%
2 - 0% - 40%
44 Forward
1 - 80% - 60% - 4:01
2 - 20% - 40% - 0:59
44 Defense
1 - 58% - 60% - 2:55
2 - 42% - 40% - 2:05
Last Minute Offensive - 0:00
Last Minute Defensive - 0:00
Total
Forward - 65:00
Defense - 65:00
|
% Time on Ice - Staline
Lines # - Real PCT - Wanted PCT - Time Play
Normal Forward
1 - 35% - 40% - 14:56
2 - 27% - 30% - 11:23
3 - 22% - 20% - 9:27
4 - 16% - 10% - 6:46
Normal Defense
1 - 41% - 40% - 17:25
2 - 29% - 30% - 12:19
3 - 17% - 20% - 7:02
4 - 14% - 10% - 5:46
PP Forward
1 - 60% - 60% - 6:14
2 - 40% - 40% - 4:11
PP Defense
1 - 61% - 60% - 6:21
2 - 39% - 40% - 4:04
PK Forward
1 - 70% - 60% - 4:13
2 - 30% - 40% - 1:49
PK Defense
1 - 50% - 60% - 3:00
2 - 50% - 40% - 3:02
PK3 Forward
1 - 0% - 60%
2 - 0% - 40%
PK3 Defense
1 - 0% - 60%
2 - 0% - 40%
44 Forward
1 - 78% - 60% - 3:54
2 - 22% - 40% - 1:06
44 Defense
1 - 55% - 60% - 2:44
2 - 45% - 40% - 2:16
Last Minute Offensive - 0:00
Last Minute Defensive - 1:01
Total
Forward - 65:00
Defense - 65:00
|
Play by Play
1st period
0:01 of 1st period - David Desharnais wins face-off versus Michael Latta in neutral zone.
0:20 of 1st period - Curtis Glencross is hit by David Desharnais and loses puck.
1:02 of 1st period - Brayden McNabb is hit by Bryan Bickell and loses puck.
1:46 of 1st period - Snap shot by David Desharnais.
1:46 of 1st period - Stopped by Anders Nilsson with a rebound.
1:48 of 1st period - Snap shot by Jiri Tlusty.
1:48 of 1st period - Stopped by Anders Nilsson without a rebound.
1:49 of 1st period - Lars Eller wins face-off versus Curtis Glencross in Ice Dragons zone.
2:14 of 1st period - Wrist shot by Jiri Tlusty.
2:14 of 1st period - Shot Blocked by Joe Callahan.
2:38 of 1st period - Tomas Kudelka is hit by Nikita Nesterov and loses puck.
3:02 of 1st period - Snap shot by James Sheppard.
3:02 of 1st period - Shot Misses the Net.
4:29 of 1st period - Snap shot by Danny Kristo.
4:29 of 1st period - Shot Misses the Net.
4:37 of 1st period - Minor Penalty to Mike Reilly for Interference.
4:38 of 1st period - Nick Spaling wins face-off versus Michael Latta in Staline zone.
4:49 of 1st period - Stu Bickel is hit by Michael Latta and loses puck.
5:22 of 1st period - Slapshot by Ian Cole.
5:22 of 1st period - Shot Misses the Net.
5:54 of 1st period - Dustin Kohn is hit by Brayden McNabb and loses puck.
6:37 of 1st period - Penalty to Mike Reilly is over, Mike Reilly is back on ice.
6:45 of 1st period - Snap shot by Andrej Nestrasil.
6:45 of 1st period - Shot Misses the Net.
7:12 of 1st period - Snap shot by Lars Eller.
7:12 of 1st period - Stopped by Anders Nilsson without a rebound.
7:13 of 1st period - David Desharnais wins face-off versus Michael Chaput in Ice Dragons zone.
7:44 of 1st period - Off-side.
7:45 of 1st period - Tyler Haskins wins face-off versus Marek Zagrapan in neutral zone.
7:58 of 1st period - Wrist shot by Petr Vrana.
7:58 of 1st period - Shot Misses the Net.
8:17 of 1st period - Wrist shot by Bryan Bickell.
8:17 of 1st period - Stopped by Anders Nilsson with a rebound.
8:37 of 1st period - Lars Eller is hit by Curtis Glencross and loses puck.
9:06 of 1st period - Kevin Connauton is hit by Brandon Burlon.
9:28 of 1st period - Slapshot by Tyler Pitlick.
9:28 of 1st period - Stopped by Anders Nilsson without a rebound.
9:29 of 1st period - Andrej Nestrasil wins face-off versus David Desharnais in Ice Dragons zone.
9:31 of 1st period - Minor Penalty to Andrej Nestrasil for High sticking.
9:32 of 1st period - David Desharnais wins face-off versus Curtis Glencross in Ice Dragons zone.
9:34 of 1st period - Wrist shot by Nick Spaling.
9:34 of 1st period - Deflect By Ian Cole.
9:34 of 1st period - Stopped by Anders Nilsson with a rebound.
9:42 of 1st period - Snap shot by David Desharnais.
9:42 of 1st period - Stopped by Anders Nilsson with a rebound.
9:44 of 1st period - Slapshot by Dustin Kohn.
9:44 of 1st period - Shot Misses the Net.
11:09 of 1st period - Stu Bickel is hit by Michael Chaput and loses puck.
11:28 of 1st period - Brandon Burlon is hit by Troy Brouwer and loses puck.
11:31 of 1st period - Penalty to Andrej Nestrasil is over, Andrej Nestrasil is back on ice.
11:54 of 1st period - Snap shot by Petr Vrana.
11:54 of 1st period - Stopped by Allen York with a rebound.
12:50 of 1st period - Wrist shot by Jiri Sekac.
12:50 of 1st period - Stopped by Anders Nilsson without a rebound.
12:51 of 1st period - Troy Brouwer wins face-off versus Corey Trivino in Ice Dragons zone.
13:16 of 1st period - Brayden McNabb is hit by James Sheppard.
13:42 of 1st period - Snap shot by Tyler Pitlick.
13:42 of 1st period - Deflect By Marek Zagrapan.
13:42 of 1st period - Shot Blocked by Petr Vrana.
13:42 of 1st period - Puck is out of play.
13:43 of 1st period - Tyler Haskins wins face-off versus Marek Zagrapan in Ice Dragons zone.
13:45 of 1st period - Icing by Petr Vrana.
13:46 of 1st period - David Desharnais wins face-off versus Tyler Haskins in Ice Dragons zone.
13:47 of 1st period - Slapshot by Jiri Tlusty.
13:47 of 1st period - Stopped by Anders Nilsson with a rebound.
14:11 of 1st period - Wrist shot by Petr Vrana.
14:11 of 1st period - Stopped by Allen York with a rebound.
14:13 of 1st period - Snap shot by Petr Vrana.
14:13 of 1st period - Stopped by Allen York without a rebound.
14:14 of 1st period - Lars Eller wins face-off versus Michael Latta in Staline zone.
14:26 of 1st period - Wrist shot by Lars Eller.
14:26 of 1st period - Stopped by Anders Nilsson with a rebound.
14:28 of 1st period - Snap shot by Lars Eller.
14:28 of 1st period - Shot Misses the Net.
14:30 of 1st period - Slapshot by Lars Eller.
14:30 of 1st period - Goal by Lars Eller - Ice Dragons : 0 - Staline : 1.
14:31 of 1st period - Michael Latta wins face-off versus David Desharnais in neutral zone.
14:34 of 1st period - Snap shot by Troy Brouwer.
14:34 of 1st period - Shot Blocked by David Desharnais.
15:02 of 1st period - Off-side.
15:03 of 1st period - Lars Eller wins face-off versus Michael Latta in neutral zone.
15:06 of 1st period - Snap shot by Jordan Caron.
15:06 of 1st period - Shot Blocked by Tomas Kudelka.
15:08 of 1st period - Slapshot by Philip Larsen.
15:08 of 1st period - Shot Misses the Net.
15:10 of 1st period - Slapshot by Philip Larsen.
15:10 of 1st period - Shot Misses the Net.
15:20 of 1st period - Wrist shot by Lars Eller.
15:20 of 1st period - Stopped by Anders Nilsson without a rebound.
15:21 of 1st period - Tyler Haskins wins face-off versus David Desharnais in Ice Dragons zone.
15:25 of 1st period - Off-side.
15:26 of 1st period - Tyler Haskins wins face-off versus Jiri Tlusty in neutral zone.
15:29 of 1st period - Dustin Kohn is hit by Ryan Reaves and loses puck.
15:39 of 1st period - Off-side.
15:40 of 1st period - David Desharnais wins face-off versus Michael Latta in neutral zone.
15:45 of 1st period - Slapshot by Nick Spaling.
15:45 of 1st period - Stopped by Anders Nilsson with a rebound.
15:51 of 1st period - Nick Spaling is hit by Curtis Glencross and loses puck.
16:06 of 1st period - Lars Eller is hit by Tyler Haskins and loses puck.
16:13 of 1st period - Petr Vrana is hit by Dustin Kohn.
17:29 of 1st period - Petr Vrana is hit by David Desharnais and loses puck.
17:35 of 1st period - Minor Penalty to David Desharnais for Holding.
17:36 of 1st period - Nick Spaling wins face-off versus Michael Latta in Staline zone.
17:46 of 1st period - Wrist shot by Michael Latta.
17:46 of 1st period - Shot Misses the Net.
18:13 of 1st period - Wrist shot by Ryan Reaves.
18:13 of 1st period - Shot Blocked by Lars Eller.
19:35 of 1st period - Penalty to David Desharnais is over, David Desharnais is back on ice.
19:36 of 1st period - Tyler Haskins is hit by Stu Bickel.
19:48 of 1st period - Snap shot by Logan MacMillan.
19:48 of 1st period - Shot Blocked by Danny Kristo.
19:50 of 1st period - Snap shot by Logan MacMillan.
19:50 of 1st period - Shot Blocked by Dustin Kohn.
19:52 of 1st period - Slapshot by Samuel Groulx.
19:52 of 1st period - Shot Blocked by Dustin Kohn.
Goals for this period are 0 for Ice Dragons vs 1 for Staline.
Shots for this period are 3 for Ice Dragons vs 13 for Staline.
2nd period
0:01 of 2nd period - David Desharnais wins face-off versus Michael Latta in neutral zone.
0:06 of 2nd period - Slapshot by Nick Spaling.
0:06 of 2nd period - Stopped by Anders Nilsson without a rebound.
0:07 of 2nd period - Michael Latta wins face-off versus David Desharnais in Ice Dragons zone.
0:16 of 2nd period - Off-side.
0:17 of 2nd period - Michael Latta wins face-off versus David Desharnais in neutral zone.
0:42 of 2nd period - Joe Callahan is hit by Brandon Burlon and loses puck.
0:51 of 2nd period - Snap shot by Tyler Haskins.
0:51 of 2nd period - Stopped by Allen York with a rebound.
0:53 of 2nd period - Wrist shot by Ryan Reaves.
0:53 of 2nd period - Stopped by Allen York without a rebound.
0:54 of 2nd period - Michael Latta wins face-off versus David Desharnais in Staline zone.
1:41 of 2nd period - Snap shot by Brandon Kozun.
1:41 of 2nd period - Stopped by Allen York without a rebound.
1:42 of 2nd period - Michael Chaput wins face-off versus Marek Zagrapan in Staline zone.
1:45 of 2nd period - Wrist shot by Curtis Glencross.
1:45 of 2nd period - Shot Misses the Net.
1:49 of 2nd period - Backhand shot by Curtis Glencross.
1:49 of 2nd period - Shot Misses the Net.
1:51 of 2nd period - Slapshot by Brayden McNabb.
1:51 of 2nd period - Deflect By Curtis Glencross.
1:51 of 2nd period - Deflect By Marek Zagrapan.
1:51 of 2nd period - Stopped by Allen York with a rebound.
1:53 of 2nd period - Slapshot by Brayden McNabb.
1:53 of 2nd period - Stopped by Allen York with a rebound.
1:55 of 2nd period - Snap shot by Curtis Glencross.
1:55 of 2nd period - Shot Misses the Net.
1:57 of 2nd period - Slapshot by Brayden McNabb.
1:57 of 2nd period - Stopped by Allen York without a rebound.
1:58 of 2nd period - Michael Latta wins face-off versus David Desharnais in Staline zone.
2:13 of 2nd period - Wrist shot by Michael Latta.
2:13 of 2nd period - Stopped by Allen York with a rebound.
2:33 of 2nd period - Snap shot by Brandon Kozun.
2:33 of 2nd period - Shot Misses the Net.
2:35 of 2nd period - Wrist shot by Brayden McNabb.
2:35 of 2nd period - Stopped by Allen York without a rebound.
2:36 of 2nd period - Michael Latta wins face-off versus Lars Eller in Staline zone.
2:37 of 2nd period - Wrist shot by Curtis Glencross.
2:37 of 2nd period - Stopped by Allen York with a rebound.
2:43 of 2nd period - Slapshot by Dustin Kohn.
2:43 of 2nd period - Stopped by Anders Nilsson with a rebound.
2:57 of 2nd period - Minor Penalty to Troy Brouwer for Hooking.
2:58 of 2nd period - David Desharnais wins face-off versus Curtis Glencross in Ice Dragons zone.
3:10 of 2nd period - Snap shot by Jiri Tlusty.
3:10 of 2nd period - Shot Misses the Net.
3:12 of 2nd period - Backhand shot by Stu Bickel.
3:12 of 2nd period - Stopped by Anders Nilsson without a rebound.
3:13 of 2nd period - Curtis Glencross wins face-off versus David Desharnais in Ice Dragons zone.
3:20 of 2nd period - Wrist shot by Joe Callahan.
3:20 of 2nd period - Shot Blocked by Jiri Tlusty.
3:26 of 2nd period - Slapshot by David Desharnais.
3:26 of 2nd period - Goal by David Desharnais - Ice Dragons : 0 - Staline : 2.
3:27 of 2nd period - Michael Latta wins face-off versus David Desharnais in neutral zone.
3:48 of 2nd period - Double Minor Penalty to Joe Callahan for Slashing.
3:49 of 2nd period - David Desharnais wins face-off versus Curtis Glencross in Ice Dragons zone.
4:25 of 2nd period - Slapshot by Dustin Kohn.
4:25 of 2nd period - Shot Misses the Net.
4:57 of 2nd period - Slapshot by Stu Bickel.
4:57 of 2nd period - Stopped by Anders Nilsson with a rebound.
5:13 of 2nd period - Snap shot by Michael Chaput.
5:13 of 2nd period - Shot Misses the Net.
5:15 of 2nd period - Slapshot by Ian Cole.
5:15 of 2nd period - Stopped by Allen York with a rebound.
5:17 of 2nd period - Snap shot by Samuel Groulx.
5:17 of 2nd period - Shot Blocked by Stu Bickel.
5:24 of 2nd period - Icing by Stu Bickel.
5:25 of 2nd period - Curtis Glencross wins face-off versus David Desharnais in Staline zone.
5:45 of 2nd period - Petr Vrana is hit by Brandon Burlon and loses puck.
6:16 of 2nd period - Kevin Connauton is hit by Tyler Pitlick.
7:48 of 2nd period - Penalty to Joe Callahan is over, Joe Callahan is back on ice.
8:01 of 2nd period - Jiri Sekac is hit by Petr Vrana and loses puck.
8:36 of 2nd period - Off-side.
8:37 of 2nd period - Brandon Kozun wins face-off versus Marek Zagrapan in neutral zone.
9:20 of 2nd period - Snap shot by Jiri Tlusty.
9:20 of 2nd period - Shot Misses the Net.
9:27 of 2nd period - Snap shot by Brayden McNabb.
9:27 of 2nd period - Shot Misses the Net.
9:29 of 2nd period - Backhand shot by Petr Vrana.
9:29 of 2nd period - Shot Misses the Net.
9:39 of 2nd period - Danny Kristo is hit by Kevin Connauton and loses puck.
9:44 of 2nd period - Wrist shot by Brandon Kozun.
9:44 of 2nd period - Stopped by Allen York without a rebound.
9:45 of 2nd period - Curtis Glencross wins face-off versus Lars Eller in Staline zone.
9:46 of 2nd period - Wrist shot by Troy Brouwer.
9:46 of 2nd period - Shot Misses the Net.
9:54 of 2nd period - Slapshot by Stu Bickel.
9:54 of 2nd period - Shot Blocked by Michael Latta.
9:56 of 2nd period - Snap shot by Jordan Caron.
9:56 of 2nd period - Stopped by Anders Nilsson with a rebound.
9:58 of 2nd period - Wrist shot by Lars Eller.
9:58 of 2nd period - Stopped by Anders Nilsson with a rebound.
10:00 of 2nd period - Wrist shot by Lars Eller.
10:00 of 2nd period - Stopped by Anders Nilsson without a rebound.
10:01 of 2nd period - David Desharnais wins face-off versus Tyler Haskins in Ice Dragons zone.
10:08 of 2nd period - Slapshot by Petr Vrana.
10:08 of 2nd period - Stopped by Allen York with a rebound.
10:10 of 2nd period - Slapshot by Ian Cole.
10:10 of 2nd period - Shot Misses the Net.
10:26 of 2nd period - Ian Cole is hit by Lars Eller and loses puck.
11:31 of 2nd period - Wrist shot by Ian Cole.
11:31 of 2nd period - Shot Misses the Net.
11:55 of 2nd period - Snap shot by James Sheppard.
11:55 of 2nd period - Deflect By Kevin Connauton.
11:55 of 2nd period - Stopped by Anders Nilsson with a rebound.
12:05 of 2nd period - Dustin Kohn is hit by Curtis Glencross and loses puck.
12:29 of 2nd period - Icing by Corey Trivino.
12:30 of 2nd period - Corey Trivino wins face-off versus Andrej Nestrasil in Staline zone.
12:38 of 2nd period - Icing by Logan MacMillan.
12:39 of 2nd period - Andrej Nestrasil wins face-off versus David Desharnais in Ice Dragons zone.
12:46 of 2nd period - Wrist shot by Andrej Nestrasil.
12:46 of 2nd period - Stopped by Allen York with a rebound.
12:48 of 2nd period - Slapshot by Kevin Connauton.
12:48 of 2nd period - Stopped by Allen York without a rebound.
12:49 of 2nd period - Michael Latta wins face-off versus David Desharnais in Staline zone.
12:52 of 2nd period - Snap shot by Troy Brouwer.
12:52 of 2nd period - Stopped by Allen York without a rebound.
12:53 of 2nd period - Michael Latta wins face-off versus David Desharnais in Staline zone.
12:58 of 2nd period - Snap shot by Curtis Glencross.
12:58 of 2nd period - Shot Misses the Net.
13:02 of 2nd period - Snap shot by Troy Brouwer.
13:02 of 2nd period - Goal by Troy Brouwer - Ice Dragons : 1 - Staline : 2.
13:03 of 2nd period - Michael Latta wins face-off versus David Desharnais in neutral zone.
13:28 of 2nd period - Wrist shot by Brayden McNabb.
13:28 of 2nd period - Deflect By Andrej Nestrasil.
13:28 of 2nd period - Deflect By Nick Spaling.
13:28 of 2nd period - Shot Misses the Net.
13:28 of 2nd period - Puck is out of play.
13:29 of 2nd period - Andrej Nestrasil wins face-off versus Lars Eller in Staline zone.
13:34 of 2nd period - Snap shot by Andrej Nestrasil.
13:34 of 2nd period - Shot Hit the Post.
13:36 of 2nd period - Snap shot by Logan MacMillan.
13:36 of 2nd period - Shot Misses the Net.
13:58 of 2nd period - Slapshot by Troy Brouwer.
13:58 of 2nd period - Shot Misses the Net.
14:00 of 2nd period - Snap shot by Kevin Connauton.
14:00 of 2nd period - Shot Misses the Net.
14:42 of 2nd period - Slapshot by Dustin Kohn.
14:42 of 2nd period - Shot Blocked by Ian Cole.
14:44 of 2nd period - Wrist shot by Lars Eller.
14:44 of 2nd period - Shot Misses the Net.
14:46 of 2nd period - Wrist shot by James Sheppard.
14:46 of 2nd period - Stopped by Anders Nilsson with a rebound.
14:48 of 2nd period - Snap shot by James Sheppard.
14:48 of 2nd period - Goal by James Sheppard - Ice Dragons : 1 - Staline : 3.
14:49 of 2nd period - Michael Latta wins face-off versus Nick Spaling in neutral zone.
15:33 of 2nd period - Minor Penalty to Dustin Kohn for Hooking.
15:34 of 2nd period - Troy Brouwer wins face-off versus Nick Spaling in Staline zone.
15:35 of 2nd period - Snap shot by Curtis Glencross.
15:35 of 2nd period - Shot Misses the Net.
15:37 of 2nd period - Slapshot by Michael Latta.
15:37 of 2nd period - Stopped by Allen York with a rebound.
15:45 of 2nd period - Wrist shot by Troy Brouwer.
15:45 of 2nd period - Shot Misses the Net.
15:47 of 2nd period - Snap shot by Curtis Glencross.
15:47 of 2nd period - Shot Misses the Net.
15:49 of 2nd period - Snap shot by Curtis Glencross.
15:49 of 2nd period - Shot Blocked by Brandon Burlon.
16:04 of 2nd period - Jiri Tlusty is hit by Ryan Reaves and loses puck.
17:07 of 2nd period - Philip Larsen is hit by Ian Cole and loses puck.
17:28 of 2nd period - Nick Spaling is hit by Ryan Reaves.
17:33 of 2nd period - Penalty to Dustin Kohn is over, Dustin Kohn is back on ice.
17:37 of 2nd period - Off-side.
17:38 of 2nd period - Andrej Nestrasil wins face-off versus Lars Eller in neutral zone.
17:43 of 2nd period - Wrist shot by Lars Eller.
17:43 of 2nd period - Deflect By Jordan Caron.
17:43 of 2nd period - Shot Misses the Net.
17:43 of 2nd period - Puck is out of play.
17:44 of 2nd period - Jordan Caron wins face-off versus Andrej Nestrasil in Ice Dragons zone.
18:32 of 2nd period - Bryan Bickell is hit by Ryan Reaves and loses puck.
19:17 of 2nd period - Michael Chaput is hit by Jiri Tlusty and loses puck.
19:32 of 2nd period - Backhand shot by Stu Bickel.
19:32 of 2nd period - Stopped by Anders Nilsson without a rebound.
19:33 of 2nd period - Lars Eller wins face-off versus Michael Latta in Ice Dragons zone.
19:48 of 2nd period - Snap shot by James Sheppard.
19:48 of 2nd period - Stopped by Anders Nilsson with a rebound.
Goals for this period are 1 for Ice Dragons vs 2 for Staline.
Shots for this period are 17 for Ice Dragons vs 13 for Staline.
3rd period
0:01 of 3rd period - David Desharnais wins face-off versus Michael Latta in neutral zone.
0:31 of 3rd period - Wrist shot by Lars Eller.
0:31 of 3rd period - Stopped by Anders Nilsson without a rebound.
0:32 of 3rd period - Lars Eller wins face-off versus Tyler Haskins in Ice Dragons zone.
0:35 of 3rd period - Snap shot by James Sheppard.
0:35 of 3rd period - Shot Misses the Net.
0:37 of 3rd period - Snap shot by Jordan Caron.
0:37 of 3rd period - Stopped by Anders Nilsson with a rebound.
0:39 of 3rd period - Wrist shot by James Sheppard.
0:39 of 3rd period - Shot Blocked by Kevin Connauton.
0:41 of 3rd period - Wrist shot by Lars Eller.
0:41 of 3rd period - Shot Misses the Net.
1:01 of 3rd period - Wrist shot by Troy Brouwer.
1:01 of 3rd period - Stopped by Allen York with a rebound.
1:03 of 3rd period - Slapshot by Brayden McNabb.
1:03 of 3rd period - Shot Hit the Post.
1:05 of 3rd period - Snap shot by Curtis Glencross.
1:05 of 3rd period - Shot Misses the Net.
1:07 of 3rd period - Slapshot by Brayden McNabb.
1:07 of 3rd period - Deflect By Brandon Burlon.
1:07 of 3rd period - Stopped by Allen York without a rebound.
1:08 of 3rd period - Michael Latta wins face-off versus Jordan Caron in Staline zone.
1:11 of 3rd period - Snap shot by Curtis Glencross.
1:11 of 3rd period - Shot Misses the Net.
1:40 of 3rd period - Wrist shot by Marek Zagrapan.
1:40 of 3rd period - Shot Misses the Net.
1:42 of 3rd period - Snap shot by Tyler Pitlick.
1:42 of 3rd period - Shot Misses the Net.
1:44 of 3rd period - Slapshot by Mike Reilly.
1:44 of 3rd period - Deflect By Tyler Pitlick.
1:44 of 3rd period - Stopped by Anders Nilsson without a rebound.
1:45 of 3rd period - Tyler Haskins wins face-off versus David Desharnais in Ice Dragons zone.
1:58 of 3rd period - Slapshot by Kevin Connauton.
1:58 of 3rd period - Shot Misses the Net.
2:37 of 3rd period - Curtis Glencross is hit by James Sheppard and loses puck.
2:53 of 3rd period - Snap shot by Michael Chaput.
2:53 of 3rd period - Stopped by Allen York with a rebound.
3:19 of 3rd period - Wrist shot by Brandon Kozun.
3:19 of 3rd period - Shot Misses the Net.
3:21 of 3rd period - Slapshot by Logan MacMillan.
3:21 of 3rd period - Shot Misses the Net.
3:55 of 3rd period - Slapshot by Lars Eller.
3:55 of 3rd period - Shot Misses the Net.
4:08 of 3rd period - Ian Cole is hit by Stu Bickel and loses puck.
4:26 of 3rd period - Minor Penalty to Michael Ferland for Holding.
4:27 of 3rd period - David Desharnais wins face-off versus Curtis Glencross in Ice Dragons zone.
6:26 of 3rd period - Penalty to Michael Ferland is over, Michael Ferland is back on ice.
6:39 of 3rd period - Wrist shot by Michael Latta.
6:39 of 3rd period - Stopped by Allen York with a rebound.
6:43 of 3rd period - Snap shot by Michael Latta.
6:43 of 3rd period - Shot Misses the Net.
6:45 of 3rd period - Slapshot by Brayden McNabb.
6:45 of 3rd period - Shot Misses the Net.
6:49 of 3rd period - Slapshot by Brayden McNabb.
6:49 of 3rd period - Stopped by Allen York with a rebound.
6:51 of 3rd period - Snap shot by Kevin Connauton.
6:51 of 3rd period - Deflect By Corey Trivino.
6:51 of 3rd period - Stopped by Allen York without a rebound.
6:52 of 3rd period - Petr Vrana wins face-off versus Marek Zagrapan in Staline zone.
6:59 of 3rd period - Backhand shot by Petr Vrana.
6:59 of 3rd period - Stopped by Allen York with a rebound.
7:04 of 3rd period - Off-side.
7:05 of 3rd period - Lars Eller wins face-off versus Michael Chaput in neutral zone.
7:30 of 3rd period - Joe Callahan is hit by Jiri Tlusty and loses puck.
7:51 of 3rd period - Brandon Kozun is hit by Bryan Bickell and loses puck.
8:19 of 3rd period - Icing by Brandon Burlon.
8:20 of 3rd period - Corey Trivino wins face-off versus Michael Latta in Staline zone.
8:36 of 3rd period - Wrist shot by Michael Latta.
8:36 of 3rd period - Stopped by Allen York without a rebound.
8:37 of 3rd period - Nick Spaling wins face-off versus Tyler Haskins in Staline zone.
8:44 of 3rd period - Slapshot by Philip Larsen.
8:44 of 3rd period - Stopped by Anders Nilsson with a rebound.
8:46 of 3rd period - Slapshot by Jiri Tlusty.
8:46 of 3rd period - Deflect By Ian Cole.
8:46 of 3rd period - Stopped by Anders Nilsson with a rebound.
9:10 of 3rd period - Slapshot by Brandon Burlon.
9:10 of 3rd period - Deflect By Jordan Caron.
9:10 of 3rd period - Stopped by Anders Nilsson without a rebound.
9:11 of 3rd period - Lars Eller wins face-off versus Tyler Haskins in Ice Dragons zone.
9:12 of 3rd period - Snap shot by James Sheppard.
9:12 of 3rd period - Shot Blocked by Brayden McNabb.
9:14 of 3rd period - Snap shot by James Sheppard.
9:14 of 3rd period - Stopped by Anders Nilsson with a rebound.
9:24 of 3rd period - Snap shot by Lars Eller.
9:24 of 3rd period - Stopped by Anders Nilsson without a rebound.
9:25 of 3rd period - Michael Latta wins face-off versus David Desharnais in Ice Dragons zone.
9:50 of 3rd period - Jordan Caron is hit by Petr Vrana.
9:54 of 3rd period - Snap shot by Petr Vrana.
9:54 of 3rd period - Stopped by Allen York with a rebound.
9:56 of 3rd period - Wrist shot by Tyler Haskins.
9:56 of 3rd period - Stopped by Allen York with a rebound.
9:58 of 3rd period - Wrist shot by Ryan Reaves.
9:58 of 3rd period - Shot Misses the Net.
10:00 of 3rd period - Slapshot by Brayden McNabb.
10:00 of 3rd period - Deflect By Lars Eller.
10:00 of 3rd period - Stopped by Allen York with a rebound.
10:40 of 3rd period - Snap shot by David Desharnais.
10:40 of 3rd period - Stopped by Anders Nilsson without a rebound.
10:41 of 3rd period - Tyler Haskins wins face-off versus Lars Eller in Ice Dragons zone.
10:57 of 3rd period - Slapshot by Tyler Haskins.
10:57 of 3rd period - Stopped by Allen York without a rebound.
10:58 of 3rd period - Michael Latta wins face-off versus David Desharnais in Staline zone.
11:30 of 3rd period - Minor Penalty to Lars Eller for Roughing.
11:31 of 3rd period - Michael Latta wins face-off versus Nick Spaling in Staline zone.
11:35 of 3rd period - Slapshot by Troy Brouwer.
11:35 of 3rd period - Goal by Troy Brouwer - Ice Dragons : 2 - Staline : 3.
11:36 of 3rd period - David Desharnais wins face-off versus Michael Latta in neutral zone.
11:46 of 3rd period - Off-side.
11:47 of 3rd period - David Desharnais wins face-off versus Michael Latta in neutral zone.
12:01 of 3rd period - Minor Penalty to Michael Latta for Holding.
12:02 of 3rd period - Curtis Glencross wins face-off versus David Desharnais in Ice Dragons zone.
12:02 of 3rd period - Curtis Glencross is hit by Stu Bickel.
12:09 of 3rd period - Snap shot by David Desharnais.
12:09 of 3rd period - Shot Misses the Net.
12:11 of 3rd period - Slapshot by Dustin Kohn.
12:11 of 3rd period - Stopped by Anders Nilsson without a rebound.
12:12 of 3rd period - Curtis Glencross wins face-off versus David Desharnais in Ice Dragons zone.
12:12 of 3rd period - Curtis Glencross is hit by Jiri Tlusty.
12:22 of 3rd period - Troy Brouwer is hit by David Desharnais and loses puck.
13:23 of 3rd period - Ian Cole is hit by Brandon Burlon and loses puck.
13:40 of 3rd period - David Desharnais is hit by Petr Vrana and loses puck.
14:01 of 3rd period - Penalty to Michael Latta is over, Michael Latta is back on ice.
14:21 of 3rd period - Snap shot by Michael Latta.
14:21 of 3rd period - Stopped by Allen York with a rebound.
14:23 of 3rd period - Slapshot by Kevin Connauton.
14:23 of 3rd period - Shot Misses the Net.
14:25 of 3rd period - Snap shot by Brayden McNabb.
14:25 of 3rd period - Deflect By Michael Latta.
14:25 of 3rd period - Shot Misses the Net.
14:25 of 3rd period - Puck is out of play.
14:26 of 3rd period - Andrej Nestrasil wins face-off versus Marek Zagrapan in Staline zone.
14:27 of 3rd period - Snap shot by Brandon Kozun.
14:27 of 3rd period - Stopped by Allen York without a rebound.
14:28 of 3rd period - Marek Zagrapan wins face-off versus Andrej Nestrasil in Staline zone.
14:39 of 3rd period - Wrist shot by Andrej Nestrasil.
14:39 of 3rd period - Shot Blocked by Brandon Burlon.
14:41 of 3rd period - Snap shot by Logan MacMillan.
14:41 of 3rd period - Shot Blocked by Marek Zagrapan.
14:43 of 3rd period - Slapshot by Samuel Groulx.
14:43 of 3rd period - Deflect By Tyler Pitlick.
14:43 of 3rd period - Stopped by Allen York with a rebound.
14:58 of 3rd period - Snap shot by Jiri Tlusty.
14:58 of 3rd period - Shot Blocked by Tomas Kudelka.
15:02 of 3rd period - Snap shot by David Desharnais.
15:02 of 3rd period - Shot Misses the Net.
15:04 of 3rd period - Snap shot by Nick Spaling.
15:04 of 3rd period - Shot Misses the Net.
15:48 of 3rd period - Tyler Pitlick is hit by Curtis Glencross and loses puck.
17:34 of 3rd period - Nick Spaling is hit by Tomas Kudelka and loses puck.
17:51 of 3rd period - Snap shot by Lars Eller.
17:51 of 3rd period - Shot Misses the Net.
17:53 of 3rd period - Snap shot by Jordan Caron.
17:53 of 3rd period - Stopped by Anders Nilsson with a rebound.
17:58 of 3rd period - Icing by Petr Vrana.
17:59 of 3rd period - Tyler Haskins wins face-off versus Marek Zagrapan in Ice Dragons zone.
17:59 of 3rd period - Tyler Haskins is hit by Bryan Bickell.
18:09 of 3rd period - Wrist shot by Dustin Kohn.
18:09 of 3rd period - Stopped by Anders Nilsson without a rebound.
18:10 of 3rd period - Michael Chaput wins face-off versus Marek Zagrapan in Ice Dragons zone.
18:39 of 3rd period - Snap shot by Jiri Tlusty.
18:39 of 3rd period - Stopped by Anders Nilsson with a rebound.
18:46 of 3rd period - Icing by Brandon Kozun.
18:47 of 3rd period - Andrej Nestrasil wins face-off versus Jiri Tlusty in Ice Dragons zone.
18:56 of 3rd period - Ice Dragons, Anders Nilsson is pulled from the net.
19:41 of 3rd period - Snap shot by Andrej Nestrasil.
19:41 of 3rd period - Shot Misses the Net.
19:47 of 3rd period - Slapshot by Ian Cole.
19:47 of 3rd period - Deflect By Stu Bickel.
19:47 of 3rd period - Goal by Ian Cole - Ice Dragons : 3 - Staline : 3.
19:47 of 3rd period - Anders Nilsson from Ice Dragons was sent back in the game.
19:48 of 3rd period - David Desharnais wins face-off versus Michael Chaput in neutral zone.
Goals for this period are 2 for Ice Dragons vs 0 for Staline.
Shots for this period are 17 for Ice Dragons vs 13 for Staline.
Overtime #1
0:01 of 1st overtime period - Nick Spaling wins face-off versus Curtis Glencross in neutral zone.
0:03 of 1st overtime period - Off-side.
0:04 of 1st overtime period - Nick Spaling wins face-off versus Curtis Glencross in neutral zone.
0:51 of 1st overtime period - Wrist shot by Lars Eller.
0:51 of 1st overtime period - Shot Blocked by Kevin Connauton.
2:10 of 1st overtime period - Bryan Bickell is hit by Michael Chaput.
2:14 of 1st overtime period - Dustin Kohn is hit by Michael Chaput and loses puck.
2:41 of 1st overtime period - Icing by Tomas Kudelka.
2:42 of 1st overtime period - Nick Spaling wins face-off versus Logan MacMillan in Ice Dragons zone.
2:45 of 1st overtime period - Wrist shot by Jiri Tlusty.
2:45 of 1st overtime period - Stopped by Anders Nilsson without a rebound.
2:46 of 1st overtime period - Curtis Glencross wins face-off versus Nick Spaling in Ice Dragons zone.
2:57 of 1st overtime period - Wrist shot by Jiri Tlusty.
2:57 of 1st overtime period - Shot Blocked by Ian Cole.
2:59 of 1st overtime period - Slapshot by Philip Larsen.
2:59 of 1st overtime period - Shot Misses the Net.
4:50 of 1st overtime period - Brandon Burlon is hit by Michael Latta and loses puck.
4:55 of 1st overtime period - Wrist shot by Petr Vrana.
4:55 of 1st overtime period - Shot Blocked by Nick Spaling.
4:57 of 1st overtime period - Slapshot by Ian Cole.
4:57 of 1st overtime period - Shot Misses the Net.
4:59 of 1st overtime period - Wrist shot by Petr Vrana.
4:59 of 1st overtime period - Ice Dragons goal is going for a video replay.
4:59 of 1st overtime period - The goal is refused. The puck has been kicked using a distinct kicking motion..
Goals for this period are 0 for Ice Dragons vs 0 for Staline.
Shots for this period are 1 for Ice Dragons vs 1 for Staline.
ShootOut
5:00 of 1st overtime period - Penalty Shot by Curtis Glencross for Ice Dragons.
5:00 of 1st overtime period - Snap shot by Curtis Glencross.
5:00 of 1st overtime period - Stopped by Allen York.
5:00 of 1st overtime period - Penalty Shot by Nick Spaling for Staline.
5:00 of 1st overtime period - Wrist shot by Nick Spaling.
5:00 of 1st overtime period - Shot Misses the Net.
5:00 of 1st overtime period - Penalty Shot by Troy Brouwer for Ice Dragons.
5:00 of 1st overtime period - Snap shot by Troy Brouwer.
5:00 of 1st overtime period - Stopped by Allen York.
5:00 of 1st overtime period - Penalty Shot by Jiri Tlusty for Staline.
5:00 of 1st overtime period - Snap shot by Jiri Tlusty.
5:00 of 1st overtime period - Stopped by Anders Nilsson.
5:00 of 1st overtime period - Penalty Shot by Michael Latta for Ice Dragons.
5:00 of 1st overtime period - Snap shot by Michael Latta.
5:00 of 1st overtime period - Stopped by Allen York.
5:00 of 1st overtime period - Penalty Shot by David Desharnais for Staline.
5:00 of 1st overtime period - Wrist shot by David Desharnais.
5:00 of 1st overtime period - Stopped by Anders Nilsson.
5:00 of 1st overtime period - Penalty Shot by Petr Vrana for Ice Dragons.
5:00 of 1st overtime period - Backhand shot by Petr Vrana.
5:00 of 1st overtime period - Stopped by Allen York.
5:00 of 1st overtime period - Penalty Shot by Lars Eller for Staline.
5:00 of 1st overtime period - Snap shot by Lars Eller.
5:00 of 1st overtime period - Shot Misses the Net.
5:00 of 1st overtime period - Penalty Shot by Tyler Haskins for Ice Dragons.
5:00 of 1st overtime period - Deke by Tyler Haskins.
5:00 of 1st overtime period - Shot Misses the Net.
5:00 of 1st overtime period - Penalty Shot by Jordan Caron for Staline.
5:00 of 1st overtime period - Backhand shot by Jordan Caron.
5:00 of 1st overtime period - Stopped by Anders Nilsson.
5:00 of 1st overtime period - Penalty Shot by Brandon Kozun for Ice Dragons.
5:00 of 1st overtime period - Snap shot by Brandon Kozun.
5:00 of 1st overtime period - Goal by Brandon Kozun.
5:00 of 1st overtime period - Penalty Shot by Danny Kristo for Staline.
5:00 of 1st overtime period - Wrist shot by Danny Kristo.
5:00 of 1st overtime period - Stopped by Anders Nilsson.
Back to the Top